cellophane, neutral female gnomish Healer ------------ |..........| |.......d..| |........dd| |........d@| -- - ------- cellophane the Rhizotomist Experience level: 1 Strength: 8 Dexterity: 9 Constitution: 17 Intelligence: 8 Wisdom: 17 Charisma: 16 Health: 0(12) Energy: 6(7) Def: 8 Gold: 2885 Moves: 1683 Dungeon seed: vl4lyAiQIte4pjW_ Game ID: cellophane_1525352859 Your Inventory: Coins $ - 2885 gold pieces Weapons a - a +0 scalpel (weapon in hand) Armor e - an uncursed +1 pair of leather gloves (being worn) y - a blessed +1 elven mithril-coat (being worn) Comestibles l - an uncursed apple Scrolls w - an uncursed scroll of blank paper Spellbooks i - a blessed spellbook of healing j - a blessed spellbook of extra healing k - a blessed spellbook of stone to flesh Potions c - 3 uncursed potions of healing d - a blessed potion of healing f - 4 uncursed potions of extra healing g - a blessed potion of extra healing r - a cursed potion of levitation s - an uncursed potion of gain ability u - 2 uncursed potions of levitation v - an uncursed potion of object detection Wands h - a wand of sleep (0:4) Tools b - an uncursed stethoscope Gems n - an uncursed worthless piece of white glass q - an uncursed worthless piece of yellow glass z - an uncursed jasper stone Spells and supernatural/magical abilities: Name Level Category Fail Memory h - healing 1 healing 35% 99% x - extra healing 3 healing 84% 60% S - stone to flesh 3 healing 95% 92% W - pray for help -- divine ? -- Your skills at the end: Fighting Skills Weapon Skills knife [Basic] Spellcasting Skills healing spells [Basic] Final Attributes: You were fervently aligned. You were poison resistant. You had infravision. You are dead. Vanquished creatures: a hobbit a giant rat a yellow mold a green mold a red mold a gnome zombie a gecko 6 jackals 3 foxes a goblin 2 sewer rats 5 grid bugs 5 lichens 2 kobold zombies a newt 32 creatures vanquished. Voluntary challenges: You were an atheist. You used a wielded weapon 2 times, starting on turn 1681. You were a pacifist. You read items or engraved 12 times, starting on turn 457. You never genocided any monsters. You never polymorphed an object. You never changed form. You used no wishes. You never split a pudding. You wrote Elbereth's name 5 times, starting on turn 457. You never violated your personal moral code. Dungeon overview: The Dungeons of Doom: levels 1 to 3 Level 1 a fountain a long staircase Level 2 many fountains Level 3 stairs to The Gnomish Mines The Gnomish Mines: levels 4 to 7 Level 4 stairs to The Dungeons of Doom Level 5 Level 6 Level 7 <- You were here History has recorded: On T:1 you entered the Dungeons of Doom to retrieve the Amulet of Yendor! On T:635 you reached level 2 of The Dungeons of Doom. On T:1082 you reached level 3 of The Dungeons of Doom. On T:1441 you reached level 1 of The Gnomish Mines. On T:1626 you reached level 2 of The Gnomish Mines. On T:1630 you reached level 3 of The Gnomish Mines. On T:1662 you reached level 4 of The Gnomish Mines. Score breakdown: Gold: 1259 (10546 points) Experience: 1 level ( 0 points) Exploration: 7 levels ( 13.73%) (10392 points) Discoveries: 2 items ( 0.68%) ( 2482 points) Valuables value: (no points given unless you survive) Artifact value: 0 ( 0 points) Variety of kills: 15 monsters ( 3.94%) ( 5952 points) Turncount: 1683 turns ( 0 points) Survival: died (score multiplied by 80%) Total score: 23497 Latest messages: The coyote misses. The flask crashes on the coyote's head and breaks into shards. The white potion evaporates. The coyote falls asleep. (You can name a white potion from the item naming menu.) The coyote just misses! You hear a door open. The sleep ray hits the coyote. (2x) You miss the coyote. The coyote bites! You hear a door open. You miss the coyote. The coyote bites! You hit the coyote. The coyote misses. You hit the coyote. The coyote bites! You hear a door open. You miss the coyote. The coyote bites! You die... Final status: Goodbye cellophane the Healer, killed by a coyote... You died in The Gnomish Mines on dungeon level 7 with 23497 points, and 2885 pieces of gold, after 1683 moves. You were level 1 with a maximum of 12 hit points when you died.